 Dungeon Crawl Stone Soup version 0.21.0 (webtiles) character file.

19 tidbits the Charmwright (level 2, 0/23 HPs)
             Began as a Barachi Skald on Jan 6, 2018.
             Slain by a kobold
             ... wielding a cursed -2 short sword
              (4 damage)
             ... on level 1 of the Dungeon.
             The game lasted 00:01:51 (200 turns).

tidbits the Charmwright (Barachi Skald)              Turns: 200, Time: 00:01:51

Health: 0/23       AC:  3    Str: 12    XL:     2   Next: 75%
Magic:  1/5        EV: 12    Int: 13    God:
Gold:   24         SH:  0    Dex: 11    Spells: 1/6 levels left

rFire    . . .     SeeInvis .   a - +0 falchion
rCold    . . .     Gourm    .   (no shield)
rNeg     . . .     Faith    .   b - +0 leather armour
rPois    .         Spirit   .   (no helmet)
rElec    .         Reflect  .   (no cloak)
rCorr    .         Harm     .   (no gloves)
MR       .....                  (no boots)
Stlth    +.........             (no amulet)
HPRegen  0.07/turn              (no ring)
MPRegen  0.09/turn              (no ring)

@: infused, slow
A: +LOS, swims, slowness 1, strong legs 1
a: Hop


You were on level 1 of the Dungeon.
You were not hungry.

You visited 1 branch of the dungeon, and saw 2 of its levels.

You collected 24 gold pieces.

Inventory:

Hand Weapons
 a - a +0 falchion (weapon)
Armour
 b - a +0 leather armour (worn)
Scrolls
 e - a scroll of fog {unknown}
Books
 c - a book of Battle

   Spells                             Type                      Level
   a - Infusion                       Charms                       1
   b - Shroud of Golubria             Charms/Translocation         2
   c - Song of Slaying                Charms                       2
   d - Spectral Weapon                Hexes/Charms                 3
   e - Regeneration                   Charms/Necromancy            3
Comestibles
 d - a ration


   Skills:
 - Level 2.5 Fighting
 - Level 2.5 Long Blades
 - Level 1.4 Armour
 - Level 2.3 Dodging
 + Level 2.9 Spellcasting
 - Level 3.4 Charms


You had one spell level left.
You knew the following spells:

 Your Spells              Type           Power        Failure   Level  Hunger
g - Shroud of Golubria    Chrm/Tloc      #.........   22%         2    ###....
i - Infusion              Chrm           ##..         7%          1    #......
y - Song of Slaying       Chrm           ##......     11%         2    ###....


Dungeon Overview and Level Annotations

Branches:
Dungeon (2/15)

Altars:


Innate Abilities, Weirdness & Mutations

Shadows flee at your approach. (+LOS)
You can swim through water.
You cover ground slowly.
You can hop short distances.


Message History

The stone closely misses the frilled lizard.
The frilled lizard bites you.
A kobold comes into view. It is wielding a dagger.
The kobold throws a stone.
The stone barely misses you.
The stone hits the frilled lizard but does no damage.
There is an open door here.
You see here a leopard gecko corpse.
The kobold throws a stone.
The stone completely misses you.
You see here a stone.
You hit the frilled lizard.
You kill the frilled lizard!
A goblin opens the door.
You hit the kobold.
You kill the kobold!
The leopard gecko bites you but does no damage.
The leopard gecko misses you.
You closely miss the leopard gecko. The leopard gecko barely misses you.
A rat, a giant cockroach and a goblin come into view.
The goblin misses you.
You riposte.
You hit the goblin.
You kill the goblin!
The leopard gecko barely misses you.
You riposte.
You barely miss the leopard gecko.
Found a pink potion.
You see here a dagger.
The leopard gecko bites you but does no damage.
Casting: Infusion
Confirm with . or Enter, or press ? or * to list all spells.
You begin infusing your attacks with magical energy.
The goblin hits you but does no damage.
You closely miss the goblin.
The goblin hits you with an enchanted dagger.
The goblin closely misses you.
You hit the goblin.
You kill the goblin!
The giant cockroach bites you but does no damage.
You hit the giant cockroach but do no damage.
Your magical infusion is running out.
The giant cockroach bites you but does no damage.
You hit the giant cockroach.
You kill the giant cockroach!
You closely miss the leopard gecko. The leopard gecko bites you.
You hit the leopard gecko.
The leopard gecko is moderately wounded.
The leopard gecko closely misses you. The leopard gecko bites you.
You closely miss the leopard gecko.
The leopard gecko is moderately wounded.
The leopard gecko misses you.
You aren't carrying any potions.
Unknown command.
You hit the leopard gecko.
The leopard gecko is almost dead.
You are no longer magically infusing your attacks.
The leopard gecko bites you. x2
* * * LOW HITPOINT WARNING * * *
You closely miss the leopard gecko.
The leopard gecko is severely wounded.
The leopard gecko barely misses you.
You riposte.
Your leather armour prevents you from hitting the leopard gecko.
The leopard gecko is severely wounded.
You miss the leopard gecko.
The leopard gecko is severely wounded.
The leopard gecko bites you.
* * * LOW HITPOINT WARNING * * *
The leopard gecko bites you.
* * * LOW HITPOINT WARNING * * *
You hit the leopard gecko but do no damage.
The leopard gecko is severely wounded.
The leopard gecko closely misses you.
You closely miss the leopard gecko.
The leopard gecko is severely wounded.
The leopard gecko barely misses you.
You hit the leopard gecko.
You kill the leopard gecko!
You barely miss the rat. The rat bites you.
* * * LOW HITPOINT WARNING * * *
You barely miss the rat. The rat bites you.
* * * LOW HITPOINT WARNING * * *
You hit the rat but do no damage. The rat bites you.
* * * LOW HITPOINT WARNING * * *
You hit the rat.
The rat is moderately wounded.
The rat bites you but does no damage. The rat barely misses you.
Casting: Infusion
Confirm with . or Enter, or press ? or * to list all spells.
You begin infusing your attacks with magical energy.
The rat bites you.
* * * LOW HITPOINT WARNING * * *
You completely miss the rat.
The rat is moderately wounded.
The rat bites you but does no damage.
You aren't carrying any potions.
Unknown command.
You hit the rat but do no damage.
The rat is moderately wounded.
The rat completely misses you.
You riposte.
You hit the rat.
You kill the rat!
Unknown command.
You closely miss the kobold. The kobold closely misses you.
You barely miss the kobold. The kobold hits you with a short sword.
You die...

... .... ######
....####....#
.....?..(...#
...$....(...#
.....[......# ##
###+#+#'#†#.# ..
.......K(#@# ..
.#......)#K# #.
...........# ..
..................
..
..................
..
#.....#######.....
.. ...... .r... ..
...... .... .....
...


You could see a kobold.

Vanquished Creatures
  A dart slug (D:1)
  2 leopard geckos (D:1)
  3 giant cockroaches
  A kobold (D:1)
  3 frilled lizards (D:1)
  3 goblins (D:1)
  2 rats (D:1)
15 creatures vanquished.

Notes
Turn   | Place    | Note
-------+----------+-------------------------------------------
     0 | D:1      | tidbits the Barachi Skald began the quest for the Orb.
     0 | D:1      | Reached XP level 1. HP: 17/17 MP: 3/3
   137 | D:1      | Reached XP level 2. HP: 21/23 MP: 5/5
   141 | D:1      | Learned a level 2 spell: Song of Slaying
   144 | D:1      | Learned a level 2 spell: Shroud of Golubria
   200 | D:1      | Slain by a kobold

Action                   || total
-------------------------++-------
Melee: Falchion          ||    49
 Cast: Infusion          ||     6
Armor: Leather armour    ||    15
Dodge: Dodged            ||    28
       Rpst.: Falchion   ||     6

Table legend:
 A = Turns spent in this place as a percentage of turns spent in the entire game.
 B = Non-inter-level travel turns spent in this place as a percentage of non-inter-level travel turns spent in the entire game.
 C = Inter-level travel turns spent in this place as a percentage of turns spent in this place.
 D = Turns resting spent in this place as a percentage of non-inter-level travel turns spent in this place.
 E = Turns spent auto-exploring this place as a percentage of non-inter-level travel turns spent in this place.
 F = Non-inter-level travel turns spent in this place divided by the number of levels of this place that you've seen.
                   A       B       C       D       E      F
               +-------+-------+-------+-------+-------+----------------------
         Total | 100.0 | 100.0 |   0.0 |   0.0 |   0.0 | 100.0
       Dungeon | 100.0 | 100.0 |   0.0 |   0.0 |   0.0 | 100.0
               +-------+-------+-------+-------+-------+----------------------

Table legend:
 A = Kills in this place as a percentage of kills in entire the game.
 B = Kills by you in this place as a percentage of kills by you in the entire game.
 C = Kills by friends in this place as a percentage of kills by friends in the entire game.
 D = Other kills in this place as a percentage of other kills in the entire game.
 E = Experience gained in this place as a percentage of experience gained in the entire game.
 F = Experience gained in this place divided by the number of levels of this place that you have seen.
                   A       B       C       D       E      F
               +-------+-------+-------+-------+-------+----------------------
         Total | 100.0 | 100.0 |   N/A |   N/A | 100.0 |  14.0
       Dungeon | 100.0 | 100.0 |   N/A |   N/A | 100.0 |  14.0
               +-------+-------+-------+-------+-------+----------------------

Vault maps used:
D:1:      ncdulo_smallfort, st_stairs_7
D:2:      uniq_jessica, uniq_robin
